cohdb
Replays
Latest Replays
All Replays
Popular Replays
Top Player Replays
Match Explorer
How It Works
Community
CoH3 Stats
Reddit
Sign in to upload your games and track your stats! →
Sign in with Steam
Match 42716067
Unlisted
Match 42716067
Overview
Messages
Build Orders
End
Construct Infanterie Kompanie
Sniper
Grenadier Squad
Grenadier Squad
Construct Panzergrenadier Kompanie
Support Elements
Nebelwerfer 42 Rocket Launcher Team
Nebelwerfer 42 Rocket Launcher Team
MG 42 Bunker
Construct Panzer Kompanie
Stoßtruppen Squad
Stoßtruppen Squad
Sturmpanzer IV Brummbär
Selects Breakthrough Battlegroup
Selects Rapid Production
Selects Assault Grenadiers
MG 42 Bunker
MG 42 Bunker
Selects Smoke Bombing Run
Selects Incendiary Bombing Run
Incendiary Bombing Run
Panzer IV Medium Tank
Pioneer Squad
Pioneer Squad
Panzer IV Medium Tank
Incendiary Bombing Run
MG 42 Bunker
Selects Blitzkrieg
Panzer IV Medium Tank
Side Skirts
Blitzkrieg
Selects Tiger Heavy Tank
Incendiary Bombing Run
Construct Luftwaffe Kompanie
Smoke Bombing Run
Jäger Squad
Jäger Squad
Jäger Squad
Incendiary Bombing Run
Luftwaffe Officer Quarters
Incendiary Bombing Run
Pioneer Squad
Pioneer Squad
Tiger Heavy Tank
Incendiary Bombing Run
DarkLord
juve1975
holocaust 2
Ak
Osama Bin Lobster
CATO SICARIUS
☯︎sᴀᴍᴜʀᴀɪ✞
cobra_23rus
0
0
Comments
sign in to comment!
No comments posted yet!